cohdb
Replays
Latest Replays
All Replays
Popular Replays
Top Player Replays
Match Explorer
How It Works
Community
CoH3 Stats
Reddit
Sign in to upload your games and track your stats! →
Sign in with Steam
Match 45794902
Unlisted
Match 45794902
Overview
Messages
Build Orders
End
Engineer Squad
Selects Airborne Battlegroup
Selects Heavy Machine Gun Paradrop
Heavy Machine Gun Paradrop
Construct Barracks
Riflemen Squad
Riflemen Squad
M1 Mortar Team
Mechanized Support Center
Selects Paratrooper Squad Paradrop
Construct Motor Pool
Selects Anti-tank Gun Team Paradrop
Anti-tank Gun Team Paradrop
M24 Chaffee Light Tank
Riflemen Squad
Selects Recon Loiter
Recon Loiter
Designate Forward Repair Station
Heavy Machine Gun Paradrop
Anti-tank Gun Team Paradrop
Esxile
Eki
Mistmoon
綾目
0
0
Comments
sign in to comment!
No comments posted yet!